 Dungeon Crawl Stone Soup version 0.28-a0-1236-gb25a51b929 (webtiles) character file.

Game seed: 10844845894010824414

58 Sabo the Chiller (level 3, -4/24 HPs)
             Began as a Demonspawn Ice Elementalist on Dec 26, 2021.
             Was an Initiate of Gozag.
             Slain by a worm (8 damage)
             ... on level 2 of the Dungeon.
             The game lasted 00:12:30 (2125 turns).

Sabo the Chiller (Demonspawn Ice Elementalist)      Turns: 2125, Time: 00:12:32

Health: -4/24      AC:  4    Str:  8    XL:     3   Next: 75%
Magic:  3/7        EV: 12    Int: 18    God:    Gozag
Gold:   71         SH:  0    Dex: 13    Spells: 6/7 levels left

rFire   . . .      SeeInvis +   b - +0 club
rCold   . . .      Faith    .   (no shield)
rNeg    . . .      Spirit   .   a - +0 robe
rPois   .          Reflect  .   (no helmet)
rElec   .          Harm     .   (no cloak)
rCorr   .          Rampage  .   (no gloves)
Will    .....                   (no boots)
Stlth   ++........              (no amulet)
HPRegen 0.08/turn               j - ring of see invisible
MPRegen 0.10/turn               (no ring)

@: very slightly contaminated
A: molten scales 1, ignite blood 1
a: Renounce Religion, Potion Petition, Call Merchant, Bribe Branch


You were on level 2 of the Dungeon.
You worshipped Gozag.
Gozag was noncommittal.
You visited 1 branch of the dungeon, and saw 2 of its levels.

You collected 71 gold pieces.

Inventory:

Hand Weapons
 b - a +0 club (weapon)
 c - a +0 hunting sling
Missiles
 d - 26 arrows
 g - 25 stones (quivered)
Armour
 a - a +0 robe (worn)
Jewellery
 j - a ring of see invisible (left hand)
Scrolls
 h - a scroll of blinking
 i - a scroll of immolation {unknown}
Potions
 e - a potion of curing {unknown}
 f - a potion of invisibility {unknown}


   Skills:
 + Level 0.1 Maces & Flails
 + Level 2.2 Dodging
 + Level 2.1 Stealth
 + Level 2.7 Spellcasting
 + Level 4.1 Ice Magic


You had 6 spell levels left.
You knew the following spells:

 Your Spells              Type           Power      Damage    Failure   Level
a - Freeze                Ice            68%        1d8       3%          1

Your spell library contained the following spells:

 Spells                   Type           Power      Damage    Failure   Level
 Frozen Ramparts          Ice            34%        1d5       10%         3
 Ozocubu's Armour         Ice            17%        N/A       10%         3
 Stone Arrow              Conj/Erth      4%         3d7       45%         3
 Hailstorm                Conj/Ice       9%         3d4       56%         4
 Animate Armour           Summ/Erth      4%         N/A       86%         4
 Lehudib's Crystal Spear  Conj/Erth      1%         10d2      100%        8


Dungeon Overview and Level Annotations

Branches:
Dungeon (2/15)

Altars:
Gozag


Innate Abilities, Weirdness & Mutations

You are partially covered in molten scales. (AC +2)
Your demonic aura sometimes causes spilled blood to erupt in flames.


Message History

You barely miss the worm.
The worm is heavily wounded.
You hit the worm but do no damage.
The worm is heavily wounded.
The worm closely misses you.
You hit the worm.
The worm is heavily wounded.
The worm bites you.
* * * LOW HITPOINT WARNING * * *
You barely miss the worm.
The worm is moderately wounded.
The worm bites you.
* * * LOW HITPOINT WARNING * * *
Casting: Freeze (safe; 3% risk of failure)
Confirm with . or Enter, or press ? or * to list all spells.
You don't know that spell.
Casting: Freeze (safe; 3% risk of failure)
Confirm with . or Enter, or press ? or * to list all spells.
You don't know that spell.
Casting: Freeze (safe; 3% risk of failure)
Confirm with . or Enter, or press ? or * to list all spells.
You don't know that spell.
Casting: Freeze (safe; 3% risk of failure)
Confirm with . or Enter, or press ? or * to list all spells.
Aiming: Freeze (safe; 3% risk of failure)
Press: ? - help, Shift-Dir - straight line, f/p - worm
Aim: a worm (moderately wounded)
You miscast Freeze.
You are very lightly contaminated with residual magic.
Nothing appears to happen.
Casting: Freeze (safe; 3% risk of failure)
Confirm with . or Enter, or press ? or * to list all spells.
Aiming: Freeze (safe; 3% risk of failure)
Press: ? - help, Shift-Dir - straight line, f/p - worm
Aim: a worm (moderately wounded)
You freeze the worm.
The worm is heavily wounded.
The worm bites you!
You die...
Your body crumbles into a pile of gold.

.#)#.##.#.# .#<#.##.#.#
....... .#......#.#
....... .#.#.####.#
.....) .#.#... #.#
##....### .#+####.#.#
.....[... ........#.#
#......# #...##..#.#
#$w....# #...#####.#
#@.....# $
#.........######.######
#.#########........#
#.# ####........#+#
#'## #....#..<##......#
...###'##.######......#
...##...### #......#
...##...+ #......#
...##...# #......#


You could see a worm.

Vanquished Creatures
  2 gnolls (D:1)
  2 dart slugs (D:1)
  6 goblins
  6 hobgoblins (D:1)
  3 jackals (D:1)
  3 quokkas (D:1)
  3 ball pythons
  2 bats (D:1)
  A frilled lizard (D:2)
  A kobold (D:1)
  4 rats
33 creatures vanquished.

Vanquished Creatures (others)
  2 fungi (D:1)
  6 plants (D:1)
8 creatures vanquished.

Grand Total: 41 creatures vanquished

Notes
Turn   | Place    | Note
-------+----------+-------------------------------------------
     0 | D:1      | Sabo the Demonspawn Ice Elementalist began the quest for
                  | the Orb.
     0 | D:1      | Reached XP level 1. HP: 13/13 MP: 3/3
   399 | D:1      | Gained mutation: Your demonic aura sometimes causes spilled
                  | blood to erupt in flames. [demonic ancestry]
   399 | D:1      | Reached XP level 2. HP: 18/19 MP: 0/5
   473 | D:1      | Reached skill level 4 in Ice Magic
   894 | D:1      | Gained mutation: You are partially covered in molten
                  | scales. (AC +2) [demonic ancestry]
   894 | D:1      | Reached XP level 3. HP: 24/24 MP: 3/6
  1400 | D:1      | Found a faded altar of an unknown god.
  1416 | D:1      | Prayed at the altar of an unknown god.
  1416 | D:1      | Became a worshipper of Gozag Ym Sagoz the Greedy
  2125 | D:2      | Slain by a worm

Illustrated notes

Levels and vault maps discovered:
D:1:      scummos_arrival_hexagon, layout_basic,
          shapermc_ecumenical_altar_mp_urbaneastern, minivault_26
D:2:      layout_basic

Skill      XL: |  1  2 |
---------------+-------+-----
Ice Magic      | 4 |  4.1
Stealth        | 2 |  2.1
Dodging        | 2 |  2.2
Maces & Flails | |  0.1
Spellcasting   | |  2.7

Action                   || total
-------------------------++-------
Melee: Unarmed           ||     4
       Club              ||    37
Throw: Stone             ||     2
 Cast: Freeze            ||    52
  Use: Scroll            ||     2
Armor: Robe              ||    12
Dodge: Dodged            ||    55

Table legend: (Time is in decaauts)
 A = Elapsed time spent in this place.
 B = Non-inter-level travel time spent in this place.
 C = Inter-level travel time spent in this place.
 D = Time resting spent in this place.
 E = Time spent auto-exploring this place.
 F = Levels seen in this place.
 G = Mean time per level.
                   A        B        C        D        E       F      G
               +--------+--------+--------+--------+--------+-----+--------+
         Total |   2135 |   2135 |      0 |   1021 |      0 |   2 | 1067.5 |
       Dungeon |   2135 |   2135 |      0 |   1021 |      0 |   2 | 1067.5 |
               +--------+--------+--------+--------+--------+-----+--------+

Top non-repeatable levels by time:
     D:1: 1997 daAuts
     D:2: 137 daAuts
